 Dungeon Crawl Stone Soup version 0.24.0-2-g5b39cebb1c (webtiles) character file.

Game seed: 5581457207370159646, levelgen mode: deterministic

114 Granthy the Skirmisher (level 4, -2/42 HPs)
             Began as a Minotaur Berserker on Oct 31, 2019.
             Was a Believer of Trog.
             Slain by an orc
             ... wielding a +0 trident
              (11 damage)
             ... on level 4 of the Dungeon.
             The game lasted 00:04:06 (2443 turns).

Granthy the Skirmisher (Minotaur Berserker)         Turns: 2443, Time: 00:04:06

Health: -2/42      AC:  3    Str: 23    XL:     4   Next: 67%
Magic:  3/3        EV: 12    Int:  4    God:    Trog [**....]
Gold:   126        SH:  0    Dex:  9    Spells: 3/3 levels left

rFire    . . .     SeeInvis .   a - +0 hand axe
rCold    . . .     Gourm    .   (no shield)
rNeg     . . .     Faith    .   q - +0 leather armour
rPois    .         Spirit   .   (helmet restricted)
rElec    .         Reflect  .   (no cloak)
rCorr    .         Harm     .   (no gloves)
MR       .....                  (no boots)
Stlth    +.........             (no amulet)
HPRegen  0.14/turn              (no ring)
MPRegen  0.08/turn              (no ring)

@: no status effects
A: retaliatory headbutt, horns 2
a: Berserk, Trog's Hand, Renounce Religion


You were on level 4 of the Dungeon.
You worshipped Trog.
Trog was pleased with you.
You were not hungry.

You visited 1 branch of the dungeon, and saw 4 of its levels.

You collected 126 gold pieces.

Inventory:

Hand Weapons
 a - a +0 hand axe (weapon)
Missiles
 h - 4 datura-tipped darts (quivered)
Armour
 b - a +0 animal skin
 q - a +0 leather armour (worn)
Scrolls
 d - 3 scrolls of teleportation {unknown}
 e - a scroll of immolation {unknown}
 g - 4 scrolls of identify {unknown}
 i - a scroll of random uselessness {unknown}
 l - a scroll of noise {unknown}
 m - a scroll of remove curse {unknown}
Potions
 f - 2 potions of mutation {unknown}
 j - a potion of degeneration {unknown}
 k - a potion of berserk rage {unknown}
 n - a potion of haste {unknown}
 o - 2 potions of curing
 p - a potion of might {unknown}
Comestibles
 c - 9 rations


   Skills:
 + Level 5.1 Fighting
 + Level 4.8 Axes
 + Level 2.7 Armour
 + Level 3.0 Dodging
 + Level 0.1 Stealth


You had 3 spell levels left.
You didn't know any spells.
Your spell library was empty.

Dungeon Overview and Level Annotations

Branches:
Dungeon (4/15)
 Temple: D:4-7

Altars:
Dithmenos
Gozag
Trog


Innate Abilities, Weirdness & Mutations

You reflexively headbutt those who attack you in melee.
You have a pair of horns on your head.


Message History

The orc hits you from afar with a +0 trident.
The jackal barely misses you.
You hit the jackal. Your headbutt misses the jackal.
The jackal is severely wounded.
You feel sick. The jackal barely misses you.
The orc hits you from afar with a +0 trident.
* * * LOW HITPOINT WARNING * * *
The jackal barely misses you. The orc hits you with a +0 trident!
* * * LOW HITPOINT WARNING * * *
You see here an adder corpse.
You closely miss the orc. You hit the jackal.
You kill the jackal!
Trog accepts your kill.
* * * LOW HITPOINT WARNING * * *
You feel sick.
You feel better. The orc closely misses you.
You hit the orc.
The orc is heavily wounded.
The orc hits you with a +0 trident!
You die...

#.#..#.#...##...
#.##............
#.##.#...%#
###.##....#.#
#...........#
#.#......####
#.÷....#
#o##.#>#
#@†#.#...
#..#.#.....
#<.#.#....o.
#..#.######.
#..#.# #..#.#
#..# #..# #).#


You could see an orc.

Vanquished Creatures
  6 adders
  An ooze (D:1)
  An adder skeleton (D:4)
  A worm (D:2)
  2 giant cockroaches (D:2)
  7 hobgoblins
  6 jackals
  5 kobolds
  3 bats
  5 frilled lizards
  7 goblins
  5 rats
49 creatures vanquished.

Notes
Turn   | Place    | Note
-------+----------+-------------------------------------------
     0 | D:1      | Granthy the Minotaur Berserker began the quest for the Orb.
     0 | D:1      | Reached XP level 1. HP: 19/19 MP: 0/0
   199 | D:1      | Reached XP level 2. HP: 27/27 MP: 1/1
   382 | D:1      | Reached skill level 4 in Fighting
   641 | D:2      | Found a faded altar of an unknown god.
   987 | D:2      | Reached XP level 3. HP: 33/33 MP: 2/2
  1371 | D:2      | Found a bloodstained altar of Trog.
  1371 | D:2      | Found a shadowy altar of Dithmenos.
  1390 | D:2      | Found a faded altar of an unknown god.
  1396 | D:2      | Found an opulent altar of Gozag.
  1397 | D:2      | Found a faded altar of an unknown god.
  1548 | D:2      | Reached ** piety under Trog
  1599 | D:2      | Reached XP level 4. HP: 41/41 MP: 3/3
  2414 | D:4      | Reached skill level 5 in Fighting
  2440 | D:4      | HP: 2/42 [orc/+0 trident (9)]
  2443 | D:4      | Slain by an orc

Levels and vault maps discovered:
D:1:      dpeg_arrival_arbitrary_a, layout_basic
D:2:      layout_loops_corners, chequers_temple_overflow_minitemple,
          first_ration, chequers_ecumenical_altar_simple_redux,
          kennysheep_generic_room_15
D:3:      layout_loops_ring
D:4:      layout_basic

Skill      XL: |  1  2  3  4 |
---------------+-------------+-----
Axes           | 4 |  4.8
Fighting       | 4 5 |  5.1
Dodging        | 3 |  3.0
Armour         | |  2.7
Stealth        | |  0.1

Action                   |  1- 3 |  4- 6 || total
-------------------------+-------+-------++-------
Melee: Hand axe          |    61 |    40 ||   101
       Headbutt          |     8 |     5 ||    13
  Use: Potion            |     2 |     1 ||     3
  Eat: Chunk             |     2 |     3 ||     5
Armor: Animal skin       |    12 |     1 ||    13
       Leather armour    |       |     3 ||     3
Dodge: Dodged            |    43 |    24 ||    67
